 Dungeon Crawl Stone Soup version 0.32-a0-30-gefbe487952 (webtiles) character file.

Game seed: 10492699955664698132

2782 PriceMaster the Firebug (level 9, -9/54 HPs)
             Began as an Octopode Fire Elementalist on Jan 19, 2024.
             Was a Priest of Sif Muna.
             Mangled by an ice beast (13 damage)
             ... on level 8 of the Dungeon.
             The game lasted 00:21:41 (8500 turns).

PriceMaster the Firebug (OpFE)                      Turns: 8500, Time: 00:21:42

Health: -9/54      AC:  3    Str:  9      XL:     9   Next: 70%
Magic:  1/19       EV: 13    Int: 19      God:    Sif Muna [***...]
Gold:   271        SH:  0    Dex: 12 (13) Spells: 12/22 levels left

rFire   . . .        w - +1 orcbow (drain)
rCold   . . .        (shield currently unavailable)
rNeg    + . .        (helmet restricted)
rPois   .            (no amulet)
rElec   .            p - ring of positive energy
rCorr   .            (no ring)
SInv    .            (no ring)
Will    +....        (no ring)
Stlth   ++++         (no ring)
HPRegen 0.29/turn    (no ring)
MPRegen 0.16/turn    (no ring)
                     (no ring)

%: clarity
@: brilliant, attractive, enlightened, flying
A: almost no armour, amphibious, 8 rings, camouflage 1, gelatinous body 1,
(nimble swimmer 1), tentacles, antennae 1, iridescent scales 1, clarity,
deterioration 1
a: Renounce Religion, Channel Magic, Forget Spell


You were on level 8 of the Dungeon.
You worshipped Sif Muna.
Sif Muna was most pleased with you.
You visited 1 branch of the dungeon, and saw 8 of its levels.

You collected 359 gold pieces.
You spent 88 gold pieces at shops.

Inventory:

Hand Weapons
 g - a +0 dagger
 h - a +2 dagger of venom
 w - a +1 orcbow of draining (weapon)
Missiles
 n - a throwing net
Jewellery
 p - a ring of positive energy (left tentacle)
 C - a ring of protection from fire
Talismans
 f - a beast talisman
Wands
 j - a wand of roots (13)
Scrolls
 a - 2 scrolls of fog
 b - 3 scrolls of blinking {unknown}
 c - 3 scrolls of identify
 d - 2 scrolls of fear {unknown}
 i - 8 scrolls of teleportation
 m - a scroll of noise {unknown}
 q - 3 scrolls of amnesia
 s - a scroll of enchant armour {unknown}
 u - a scroll of enchant weapon
 x - a scroll of immolation {unknown}
 y - a scroll of vulnerability
 z - a scroll of poison {unknown}
 B - 2 scrolls of revelation {unknown}
Potions
 e - 3 potions of curing {unknown}
 k - a potion of might {unknown}
 l - a potion of enlightenment
 o - a potion of lignification {unknown}
 r - a potion of invisibility {unknown}
 v - 2 potions of attraction
 A - a potion of heal wounds {unknown}


   Skills:
 + Level 2.2 Fighting
 + Level 1.3 Short Blades
 + Level 3.8 Ranged Weapons
 + Level 2.7 Dodging
 + Level 5.1 Stealth
 + Level 7.0 Spellcasting
 + Level 4.1 Conjurations
 + Level 2.4 Hexes
 + Level 7.6 Fire Magic
 + Level 0.5 Invocations


You had 12 spell levels left.
You knew the following spells:

 Your Spells              Type           Power      Damage    Failure   Level
a - Foxfire               Conj/Fire      100%       2x1d9     1%          1
b - Scorch                Fire           100%       2d9       1%          2
c - Flame Wave            Conj/Fire      43%        2d11      9%          4
d - Inner Flame           Hex/Fire       38%        N/A       3%          3

Your spell library contained the following spells:

 Spells                   Type           Power      Damage    Failure   Level
 Magic Dart               Conj           100%       1d8       1%          1
 Searing Ray              Conj           66%        2d6       2%          2
 Volatile Blastmotes      Fire/Tloc      62%        2d15      6%          3
 Call Imp                 Summ           20%        N/A       16%         2
 Sublimation of Blood     Necr           10%        N/A       16%         2
 Fulminant Prism          Conj/Alch      10%        3d8       38%         4
 Manifold Assault         Tloc           10%        N/A       69%         4
 Passage of Golubria      Tloc           10%        N/A       69%         4
 Silence                  Hex/Air        8%         N/A       86%         5
 Dispersal                Tloc           5%         N/A       100%        6
 Summon Hydra             Summ           5%         N/A       100%        7
 Disjunction              Tloc           5%         N/A       100%        8
 Lehudib's Crystal Spear  Conj/Erth      10%        10d4      100%        8


Dungeon Overview and Level Annotations

Branches:
Dungeon (8/15)             Temple (0/1) D:4
   Lair: D:8-11

Altars:
Cheibriados
Dithmenos
Kikubaaqudgha
Nemelex Xobeh
Okawaru
Qazlal
Ru
Sif Muna
Uskayaw
Xom
The Shining One

Shops:
D:1 *(   D:4 :*((!?


Innate Abilities, Weirdness & Mutations

You cannot wear most types of armour.
You are amphibious.
You can wear up to eight rings at the same time.
Your skin changes colour to match your surroundings (Stealth+).
Your rubbery body absorbs attacks. (AC +1, EV +1)
((You are camouflaged when in or above water. (Stealth+)))
You have tentacles for arms and can constrict up to eight enemies at once.
You have a pair of small antennae on your head.
You are partially covered in iridescent scales. (AC +2)
You possess an exceptional clarity of mind.
Your body sometimes deteriorates upon taking damage.


Message History

Press: ? - help, Dir - move target, f - ice beast
Aim: an ice beast (chance to affect: 80%)
Okay, then.
Okay, then.
You fail to use your ability.
You feel clever all of a sudden.
A magic dart appears from out of thin air!
The magic dart hits you.
Casting: Inner Flame (dangerous; 3% risk of failure)
Confirm with . or Enter, or press ? or * to list all spells.
You feel a surge of power!
Flames lash something.
Casting: Scorch (safe; 1% risk of failure)
Confirm with . or Enter, or press ? or * to list all spells.
You feel a surge of power!
Flames lash the ice beast.
The ice beast melts!
The ice beast is heavily wounded.
The ice beast's fire resistance burns away.
The ice beast hits you. The ice beast freezes you!
Casting: Scorch (safe; 1% risk of failure)
Confirm with . or Enter, or press ? or * to list all spells.
You feel a surge of power!
Flames lash something.
Sif Muna accepts your kill.
Reactivating autopickup.
You feel a bit more experienced.
The ice beast hits you but does no damage.
It was a potion of enlightenment.
You feel very buoyant.
You fly up into the air.
The ice beast hits you. The ice beast freezes you!
* * * LOW HITPOINT WARNING * * *
Something hits you.
* * * LOW HITPOINT WARNING * * *
Deactivating autopickup; reactivate with Ctrl-A.
Okay, then.
Okay, then.
Okay, then.
It was a potion of attraction.
You feel attractive to monsters. The ice beast hits you.
* * * LOW HITPOINT WARNING * * *
The ice beast freezes you!
You die...

≈≈§SS≈.§....
§§..§§≈.#..
≈≈§≈§≈.... .§○..
... ####.☼##)...
###...○....){.
##.....o....##.
#......{#.###
###.#..@###
#...##.Y####
.........#.## .
#...........# #.#
##[.....##..# #..#
............##.)..
......#....##.....
......#..........#
....#..............


You could see an ice beast (combustible) and an orc (wandering).

Vanquished Creatures
  A kobold demonologist (D:7)
  A hornet (D:7)
  A water moccasin (D:8)
  3 ice beasts
  2 sky beasts
  2 ogres
  A centaur (D:6)
  2 phantoms
  2 kobold brigands (D:7)
  2 bullfrogs
  An elf zombie (D:6)
  2 scorpions
  3 elf skeletons (D:6)
  A hound (D:5)
  2 orc priests (D:7)
  4 sleepcaps
  A human zombie (D:6)
  3 iguanas
  A human skeleton (D:6)
  7 orc wizards
  3 gnolls (D:5)
  6 adders
  6 ufetubi
  6 dart slugs
  4 ribbon worms
  16 orcs
  6 bats
  13 endoplasms
  A giant cockroach (D:2)
  3 goblins
  5 hobgoblins
  8 jackals
  12 kobolds
  3 quokkas
  5 ball pythons
  3 frilled lizards (D:1)
  3 orc skeletons (D:6)
  2 orc zombies (D:6)
  3 rats
150 creatures vanquished.

Vanquished Creatures (others)
  332 foxfires
332 creatures vanquished.

Grand Total: 482 creatures vanquished

Notes
Turn   | Place    | Note
-------+----------+-------------------------------------------
     0 | D:1      | PriceMaster the Octopode Fire Elementalist began the quest
                  | for the Orb.
     0 | D:1      | Reached XP level 1. HP: 11/11 MP: 3/3
   174 | D:1      | Reached XP level 2. HP: 17/17 MP: 0/5
   363 | D:1      | Found Suocuoth's Weapon Shop.
   429 | D:1      | Found a faded altar of an unknown god.
   463 | D:1      | Reached XP level 3. HP: 21/21 MP: 0/6
   515 | D:1      | Prayed at the altar of an unknown god.
   515 | D:1      | Became a worshipper of Sif Muna the Loreminder
   515 | D:1      | Reached * piety under Sif Muna
   675 | D:1      | Learned a level 2 spell: Scorch
   746 | D:1      | Found Yhymoaq's General Store.
   881 | D:2      | Found a shimmering altar of Xom.
   907 | D:2      | Reached XP level 4. HP: 22/27 MP: 1/7
  2205 | D:3      | Reached ** piety under Sif Muna
  2943 | D:4      | Found Ziroes's Magic Scroll Boutique.
  2997 | D:4      | Reached XP level 5. HP: 31/31 MP: 2/9
  3085 | D:4      | Noticed an ogre
  3104 | D:4      | Killed an ogre
  3105 | D:4      | Reached skill level 1 in Short Blades
  3363 | D:4      | Found a staircase to the Ecumenical Temple.
  3379 | D:4      | Found Nujecsuafank's Antique Weapon Emporium.
  3392 | D:4      | Reached XP level 6. HP: 36/36 MP: 3/10
  3406 | D:4      | Gained mutation: You sometimes lose your temper in combat.
                  | [potion of mutation]
  3491 | D:4      | Reached skill level 5 in Fire Magic
  3590 | D:4      | Found Leagemum's Antique Weapon Shop.
  3613 | D:4      | Found Ciunitik's Mayhem Merchandise.
  3636 | D:4      | Found Zuixkat's Distillery.
  3644 | D:4      | Bought a potion of mutation for 88 gold pieces
  3644 | D:4      | Lost mutation: You sometimes lose your temper in combat.
                  | [potion of mutation]
  3644 | D:4      | Gained mutation: You are strong-willed. (Will+) [potion of
                  | mutation]
  3644 | D:4      | Gained mutation: You are frail. (-10% HP) [potion of
                  | mutation]
  3644 | D:4      | Gained mutation: Your flesh is cold resistant. (rC+)
                  | [potion of mutation]
  3645 | D:4      | Lost mutation: You are frail. (-10% HP) [potion of
                  | mutation]
  3645 | D:4      | Lost mutation: Your flesh is cold resistant. (rC+) [potion
                  | of mutation]
  3645 | D:4      | Gained mutation: You have a pair of small antennae on your
                  | head. [potion of mutation]
  3645 | D:4      | Gained mutation: You have a pair of antennae on your head.
                  | [potion of mutation]
  3646 | D:4      | Lost mutation: You are strong-willed. (Will+) [potion of
                  | mutation]
  3646 | D:4      | Lost mutation: You have a pair of antennae on your head.
                  | [potion of mutation]
  3646 | D:4      | Gained mutation: Your body sometimes deteriorates upon
                  | taking damage. [potion of mutation]
  3646 | D:4      | Gained mutation: You are partially covered in iridescent
                  | scales. (AC +2) [potion of mutation]
  3646 | D:4      | Gained mutation: You possess an exceptional clarity of
                  | mind. [potion of mutation]
  3652 | D:4      | Learned a level 4 spell: Flame Wave
  3708 | D:4      | You fall into a shaft and drop 2 floors!
  3802 | D:5      | Entered Level 5 of the Dungeon
  3808 | D:5      | Noticed an ice beast
  4248 | D:4      | Found a shimmering blue altar of Sif Muna.
  4312 | D:4      | Found Docvys's Book Shoppe.
  4502 | D:5      | Found a glowing golden altar of the Shining One.
  4542 | D:5      | Killed an ice beast
  4543 | D:5      | Reached XP level 7. HP: 42/42 MP: 4/13
  4964 | D:5      | Found a shadowy altar of Dithmenos.
  5063 | D:5      | Found an ancient bone altar of Kikubaaqudgha.
  5067 | D:5      | Found a hide-covered altar of Uskayaw.
  5140 | D:5      | Learned a level 3 spell: Inner Flame
  5307 | D:6      | Reached skill level 1 in Fighting
  5307 | D:6      | Reached skill level 5 in Spellcasting
  5307 | D:6      | Reached XP level 8. HP: 48/48 MP: 3/15
  5522 | D:6      | Reached skill level 5 in Stealth
  5585 | D:6      | Found a snail-covered altar of Cheibriados.
  5803 | D:6      | Found a sparkling altar of Nemelex Xobeh.
  5875 | D:6      | Found a stormy altar of Qazlal.
  5878 | D:6      | Found an iron altar of Okawaru.
  5901 | D:6      | HP: 2/48 [spore (33)]
  5902 | D:6      | Reached skill level 1 in Hexes
  6613 | D:6      | Reached *** piety under Sif Muna
  6633 | D:6      | Reached skill level 1 in Ranged Weapons
  7127 | D:7      | Found a sacrificial altar of Ru.
  7278 | D:7      | Killed a kobold demonologist
  7279 | D:7      | Reached XP level 9. HP: 54/54 MP: 14/18
  7650 | D:7      | Noticed a hornet
  7654 | D:7      | Killed a hornet
  8087 | D:7      | Upgraded the game from 0.32-a0-22-g6ae6769602 to
                  | 0.32-a0-30-gefbe487952
  8500 | D:8      | Mangled by an ice beast

Illustrated notes

Levels and vault maps discovered:
D:1:      amcnicky_arrival_choice, layout_basic,
          chequers_ecumenical_altar_simple_redux, serial_shops,
          nicolae_shop_bloodbath_and_beyond, nicolae_shop_behind_doors,
          nrook_uturn
D:2:      layout_basic, basic_altar
D:3:      layout_loops_corners, minivault_23
D:4:      layout_loops_corners, mainiacjoe_overflow_tiny_flanked,
          minmay_temple_entry_offerings, serial_shops,
          nicolae_shop_real_fake_doors, nicolae_shop_window_shopping,
          nicolae_shop_waterfront, nicolae_shop_industrial_runoff, shop,
          minmay_misc_feat_secret_circle, st_stairs_13, minmay_shop_mayhem,
          minmay_cupped
D:5:      layout_gridville, grunt_dithmenos_shadows, minitemple,
          kennysheep_crisscross
D:6:      layout_loops_ring, nicolae_overflow_squiral,
          mainiacjoe_overflow_brackets, nemelex_xobeh_ov_fountains_minmay,
          nicolae_ossuary_entry_catacombs
D:7:      layout_basic, mainiacjoe_overflow_cross_hatched
D:8:      layout_cave_pools, serial_shops, nicolae_inconvenience_store,
          special_room [special_room_orc]

Skill      XL: |  1  2  3  4  5  6  7  8  9 |
---------------+----------------------------+-----
Stealth        | 3 4 5 |  5.1
Short Blades   | 1 |  1.3
Spellcasting   | 3 4 5 6 7 |  7.0
Conjurations   | 2 3 4 |  4.1
Fire Magic     | 4 5 6 7 |  7.6
Fighting       | 1 2 |  2.2
Hexes          | 1 2 |  2.4
Ranged Weapons | 3 |  3.8
Dodging        | |  2.7
Invocations    | |  0.5

Action                     |  1- 3 |  4- 6 |  7- 9 || total
---------------------------+-------+-------+-------++-------
  Melee: Unarmed           |     2 |       |       ||     2
         Constrict         |     9 |     9 |     1 ||    19
         Tentacles         |     8 |     5 |     2 ||    15
         Dagger            |    39 |    33 |     4 ||    76
         Punch             |     2 |       |       ||     2
   Fire: Orcbow            |       |       |    58 ||    58
   Cast: Foxfire           |    30 |    70 |   113 ||   213
         Scorch            |     2 |    30 |    44 ||    76
         Flame Wave        |       |     1 |     6 ||     7
         Inner Flame       |       |       |    22 ||    22
 Invoke: Channel Magic     |       |       |     1 ||     1
    Use: Scroll            |     4 |     5 |       ||     9
         Potion            |       |     6 |     3 ||     9
   Stab: Sleeping          |     7 |     7 |       ||    14
 Armour: Skin              |    19 |    20 |    56 ||    95
  Dodge: Dodged            |    21 |    26 |    54 ||   101

Table legend: (Time is in decaauts)
 A = Elapsed time spent in this place.
 B = Non-inter-level travel time spent in this place.
 C = Inter-level travel time spent in this place.
 D = Time resting spent in this place.
 E = Time spent auto-exploring this place.
 F = Levels seen in this place.
 G = Mean time per level.
                   A        B        C        D        E       F      G
               +--------+--------+--------+--------+--------+-----+--------+
         Total |   8528 |   8320 |    208 |   1521 |   5555 |   8 | 1066.0 |
       Dungeon |   8528 |   8320 |    208 |   1521 |   5555 |   8 | 1066.0 |
               +--------+--------+--------+--------+--------+-----+--------+

Top non-repeatable levels by time:
     D:6: 2070 daAuts
     D:3: 1274 daAuts
     D:7: 1256 daAuts
     D:4: 1205 daAuts
     D:5: 927 daAuts
     D:2: 834 daAuts
     D:1: 830 daAuts
     D:8: 127 daAuts
